 Dungeon Crawl Stone Soup version 0.31-a0-865-g3d5d91748a (webtiles) character file.

Game seed: 1312570846030951357

58 Dordric the Stinger (level 3, -1/24 HPs)
             Began as a Demonspawn Venom Mage on Oct 10, 2023.
             Slain by Robin
             ... wielding a +0 trident
              (3 damage)
             ... on level 2 of the Dungeon.
             The game lasted 00:04:57 (1730 turns).

Dordric the Stinger (Demonspawn Venom Mage)         Turns: 1730, Time: 00:04:57

Health: -1/24      AC:  3    Str:  8    XL:     3   Next: 75%
Magic:  0/6        EV: 12    Int: 18    God:
Gold:   46         SH:  0    Dex: 13    Spells: 0/6 levels left

rFire   . . .        e - +2 dagger (venom)
rCold   . . .        (no shield)
rNeg    . . .        a - +0 robe
rPois   .            (no helmet)
rElec   .            (no cloak)
rCorr   .            j - +0 pair of gloves
SInv    .            (no boots)
Will    .....        (no amulet)
Stlth   ++           m - ring of wizardry
HPRegen 0.24/turn    (no ring)
MPRegen 0.10/turn

%: wizardry (x1)
@: no status effects
A: powered by death 1
a: no special abilities


You were on level 2 of the Dungeon.
You visited 1 branch of the dungeon, and saw 2 of its levels.

You collected 46 gold pieces.

Inventory:

Hand Weapons
 e - a +2 dagger of venom (weapon)
Armour
 a - a +0 robe (worn)
 j - a +0 pair of gloves (worn)
Jewellery
 m - a ring of wizardry (left hand)
Scrolls
 d - a scroll of poison {unknown}
 f - a scroll of fog {unknown}
 g - a scroll of vulnerability {unknown}
 h - a scroll of noise {unknown}
 i - a scroll of blinking {unknown}
Potions
 b - a potion of magic
 c - 3 potions of curing {unknown}
 k - a potion of heal wounds {unknown}
 l - a potion of might {unknown}


   Skills:
 - Level 1.7 Dodging
 - Level 1.7 Stealth
 + Level 2.1 Spellcasting
 - Level 0.8 Transmutations
 + Level 4.6 Poison Magic


You couldn't memorise any spells.
You knew the following spells:

 Your Spells              Type           Power      Damage    Failure   Level
a - Sting                 Tmut/Pois      44%        1d5       2%          1
b - Poisonous Vapours     Pois/Air       20%        N/A       4%          2
c - Mephitic Cloud        Conj/Pois/Air  7%         N/A       12%         3

Your spell library contained the following spells:

 Spells                   Type           Power      Damage    Failure   Level
 Olgreb's Toxic Radiance  Pois           18%        N/A       11%         4


Dungeon Overview and Level Annotations

Branches:
Dungeon (2/15)

Altars:
Gozag

Annotations:
D:2 Robin


Innate Abilities, Weirdness & Mutations

You regenerate a little health from kills.


Message History

Robin roars a battlecry!
The goblin goes into a battle-frenzy!
Robin roars a battlecry!
You hear a shout!
Robin looks more healthy.
Robin roars a battlecry!
You closely miss the goblin. The goblin misses you.
The goblin hits you but does no damage.
You hit the goblin.
The goblin is poisoned.
The goblin is heavily wounded.
The goblin hits you but does no damage. The goblin hits you with a +0 dagger.
You barely miss the goblin.
The goblin is heavily wounded.
The goblin hits you with a +0 dagger. The goblin closely misses you.
A goblin comes into view. It is wielding a +0 club.
You hit the goblin.
The goblin is poisoned.
You punch the goblin.
You kill the goblin!
The goblin hits you with a +0 dagger.
A goblin comes into view. It is wielding a +0 club.
You hit the goblin.
You kill the goblin!
Robin barely misses you.
Casting: Poisonous Vapours (safe; 4% risk of failure)
Confirm with . or Enter, or press ? or * to list all spells.
You don't have enough magic to cast this spell.
Robin hits you from afar with a +0 trident!
* * * LOW HITPOINT WARNING * * *
The goblin unwields a +0 club.
The goblin wields a +0 sling.
The goblin shoots a sling bullet.
The sling bullet closely misses you.
Casting: Poisonous Vapours (safe; 4% risk of failure)
Confirm with . or Enter, or press ? or * to list all spells.
Aiming: Sting (safe; 2% risk of failure)
Press: ? - help, Shift-Dir - straight line, f/p - Robin
Aim: Robin, wielding a +0 trident, wearing a +0 animal skin and wearing a +0 helmet (heavily wounded, 79% to hit)
The sting hits Robin but does no damage.
Robin is poisoned.
Robin is heavily wounded.
Robin hits you from afar with a +0 trident.
You die...
Robin calls out, "Let's celebrate!
Time for a feast!"

##### ####.@.#
#.>..))#
#.....g#
#..)...#
#......#######
#...g.g......#
#............#
#............#
##.#.#.......#


You could see Robin (poisoned) and 2 goblins.

Vanquished Creatures
  A gnoll (D:1)
  A dart slug (D:2)
  9 ball pythons (D:1)
  5 endoplasms
  2 giant cockroaches (D:1)
  2 hobgoblins (D:1)
  3 jackals (D:1)
  2 bats (D:1)
  5 frilled lizards (D:1)
  7 goblins
  6 kobolds
  A rat (D:1)
44 creatures vanquished.

Notes
Turn   | Place    | Note
-------+----------+-------------------------------------------
     0 | D:1      | Dordric the Demonspawn Venom Mage began the quest for the
                  | Orb.
     0 | D:1      | Reached XP level 1. HP: 13/13 MP: 3/3
    36 | D:1      | Gained mutation: You regenerate a little health from kills.
                  | [demonic ancestry]
    36 | D:1      | Reached XP level 2. HP: 7/19 MP: 0/5
   360 | D:1      | Learned a level 2 spell: Poisonous Vapours
   455 | D:1      | Reached skill level 4 in Poison Magic
   727 | D:1      | Reached XP level 3. HP: 20/24 MP: 3/6
   946 | D:1      | Found a faded altar of an unknown god.
  1217 | D:1      | Learned a level 3 spell: Mephitic Cloud
  1406 | D:2      | Found an opulent altar of Gozag.
  1712 | D:2      | Noticed Robin
  1730 | D:2      | Slain by Robin

Illustrated notes

Levels and vault maps discovered:
D:1:      ncdulo_watergridlock, layout_basic, nicolae_ecumenical_snake_handling
D:2:      layout_basic, basic_altar, kennysheep_generic_room_4, uniq_sigmund,
          uniq_robin, uniq_jessica

Skill      XL: |  1  2 |
---------------+-------+-----
Poison Magic   | 4 |  4.6
Dodging        | |  1.7
Stealth        | |  1.7
Spellcasting   | |  2.1
Transmutations | |  0.8

Action                     || total
---------------------------++-------
  Melee: Unarmed           ||     2
         Dagger            ||    46
         Punch             ||     1
   Cast: Sting             ||    26
         Poisonous Vapours ||    32
         Mephitic Cloud    ||     1
   Stab: Sleeping          ||     1
 Armour: Robe              ||    31
  Dodge: Dodged            ||    36

Table legend: (Time is in decaauts)
 A = Elapsed time spent in this place.
 B = Non-inter-level travel time spent in this place.
 C = Inter-level travel time spent in this place.
 D = Time resting spent in this place.
 E = Time spent auto-exploring this place.
 F = Levels seen in this place.
 G = Mean time per level.
                   A        B        C        D        E       F      G
               +--------+--------+--------+--------+--------+-----+--------+
         Total |   1730 |   1703 |     27 |     96 |   1279 |   2 |  865.0 |
       Dungeon |   1730 |   1703 |     27 |     96 |   1279 |   2 |  865.0 |
               +--------+--------+--------+--------+--------+-----+--------+

Top non-repeatable levels by time:
     D:1: 1462 daAuts
     D:2: 267 daAuts
